 Dungeon Crawl Stone Soup version 0.30-a0-142-g7370640ec8 (webtiles) character file.

Game seed: 5886659508222750851

30 qw the Shield-Bearer (level 3, 0/23 HPs)
             Began as a Gargoyle Fighter on Sept 26, 2022.
             Slain by a bat (1 damage)
             ... on level 2 of the Dungeon.
             The game lasted 00:00:22 (1228 turns).

qw the Shield-Bearer (Gargoyle Fighter)             Turns: 1228, Time: 00:00:23

Health: 0/23       AC: 10    Str: 21    XL:     3   Next: 20%
Magic:  3/3        EV:  9    Int:  8    God:
Gold:   64         SH:  4    Dex:  9    Spells: 2/2 levels left

rFire   . . .      SeeInvis .    Y - +0 war axe
rCold   . . .      Faith    .    c - +0 buckler
rNeg    + . .      Spirit   .    b - +0 scale mail
rPois   inf        Reflect  .    (no helmet)
rElec   +          Harm     .    (no cloak)
rCorr   .          Rampage  .    (no gloves)
Will    .....                    (no boots)
Stlth   ..........               (no amulet)
HPRegen 0.07/turn                (no ring)
MPRegen 0.08/turn                (no ring)

@: no status effects
A: sickness immunity, AC +3, negative energy resistance 1, electricity
resistance, torment resistance 1, petrification resistance
a: no special abilities


You were on level 2 of the Dungeon.
You visited 1 branch of the dungeon, and saw 2 of its levels.

You collected 64 gold pieces.


Innate Abilities, Weirdness & Mutations

You are immune to sickness and miasma.
Your stone body is resilient. (AC +3)
You are immune to poison.
You resist negative energy. (rN+)
You are resistant to electric shocks. (rElec)
You are resistant to unholy torment.
You are immune to petrification.


   Skills:
 - Level 3.2 Fighting
 + Level 3.2 Axes
 - Level 3.2 Armour
 - Level 3.2 Shields


You had 2 spell levels left.
You didn't know any spells.
Your spell library was empty.

Inventory:

Hand Weapons
 j - a +0 whip
 Y - a +0 war axe (weapon)
Armour
 b - a +0 scale mail (worn)
 c - a +0 buckler (worn)
Scrolls
 a - a scroll of fog {unknown}
Potions
 d - a potion of might
 g - a potion of flight {unknown}

Dungeon Overview and Level Annotations

Branches:
Dungeon (2/15)

Altars:


Message History

You miss the bat. The bat hits you but does no damage.
The bat barely misses you.
The quokka twitches its whiskers.
You closely miss the quokka. You block the bat's attack. The quokka bites you.
You miss the bat. You barely miss the quokka. The bat barely misses you.
You block the quokka's attack. The quokka bites you.
You barely miss the worm. You closely miss the bat.
You closely miss the quokka. The bat hits you but does no damage.
The quokka bites you but does no damage.
The worm bites you! The quokka bites you.
You hit the worm.
The worm is lightly wounded.
You closely miss the quokka. The bat misses you.
The quokka bites you but does no damage.
The worm closely misses you.
You slash the worm!
The worm is almost dead.
You slash the quokka!
You kill the quokka!
The bat misses you. The worm bites you but does no damage.
You barely miss the worm.
The worm is almost dead.
The bat hits you. The worm misses you.
You barely miss the worm.
The worm is severely wounded.
The bat barely misses you. The worm bites you but does no damage.
You barely miss the worm.
The worm is severely wounded.
The bat barely misses you.
You barely miss the worm.
The worm is severely wounded.
You miss the bat. The bat hits you but does no damage. The worm bites you.
You slash the worm!
You kill the worm!
The bat hits you.
You die...

...%........#####..
........>.........# .
........###.#####....###
.....#..................
............########....
.....#######............
.....# #............ ..
#............
#....@.......
######b..?... .......
....... ......? .......
....... .......


You could see a bat.

Vanquished Creatures
  2 worms (D:2)
  2 ball pythons (D:1)
  3 endoplasms
  2 giant cockroaches (D:1)
  4 hobgoblins (D:1)
  4 kobolds (D:1)
  2 quokkas
  A frilled lizard (D:1)
  2 goblins (D:1)
  3 rats (D:1)
25 creatures vanquished.

Notes
Turn   | Place    | Note
-------+----------+-------------------------------------------
     0 | D:1      | qw the Gargoyle Fighter began the quest for the Orb.
     0 | D:1      | Reached XP level 1. HP: 14/14 MP: 1/1
     0 | D:1      | 0 ||| qw: Version: 0.2-a-10-g399e6c4
     0 | D:1      | 0 ||| qw: Game counter: 440
     0 | D:1      | 0 ||| qw: Always use a shield: true
     0 | D:1      | 0 ||| qw: God list: Okawaru
     0 | D:1      | 0 ||| qw: Allow faded altars: false
     0 | D:1      | 0 ||| qw: Do Orc after D:15 true
     0 | D:1      | 0 ||| qw: Do second Lair branch before Depths: true
     0 | D:1      | 0 ||| qw: Lair rune preference: random
     0 | D:1      | 0 ||| qw: Plans: Normal, Zot:1-4, God:TSO, Crypt, Tomb,
                  | Pan, Slime:5, Hells, Abyss, Orb
     0 | D:1      | 0 ||| PLANNING D:1-11
   197 | D:1      | Reached XP level 2. HP: 17/19 MP: 2/2
   229 | D:1      | 229 ||| Stepping ~*~*~tactically~*~*~ (stealth).
   767 | D:1      | Reached skill level 3 in Axes
   824 | D:1      | 824 ||| DROPPING +0 club.
   838 | D:1      | Reached XP level 3. HP: 23/23 MP: 3/3
  1111 | D:1      | 1111 ||| READING 2 scrolls labelled LIECESHIETZ.
  1112 | D:1      | 1112 ||| READING 2 scrolls labelled CIADAURCHETT.
  1113 | D:1      | 1113 ||| READING scroll labelled RIAHY TECRUL.
  1114 | D:1      | 1114 ||| READING scroll labelled YMOUMOR MASUOJ.
  1118 | D:1      | 1118 ||| DROPPING scroll of immolation.
  1119 | D:1      | 1119 ||| DROPPING scroll of magic mapping.
  1227 | D:2      | HP: 1/23 [worm (6)]
  1228 | D:2      | Slain by a bat

Levels and vault maps discovered:
D:1:      minmay_arrival_four_loops, layout_basic, grunt_decor_junction
D:2:      layout_basic, nicolae_ecumenical_pavilion

Skill      XL: |  1  2 |
---------------+-------+-----
Axes           | 2 3 |  3.2
Fighting       | |  3.2
Armour         | |  3.2
Shields        | |  3.2

Action                   || total
-------------------------++-------
Melee: War axe           ||    66
  Use: Scroll            ||     4
Armor: Scale mail        ||    28
Dodge: Dodged            ||    28
Block: Buckler           ||     9

Table legend:
 A = Non-vault XP
 B = Vault XP
 C = Vault XP percentage of total XP
 D = Non-vault monster count
 E = Vault monster count
 F = Vault count percentage of total count
                 A         B        C        D         E       F
            +---------+---------+-------+---------+---------+-------
      Total |      49 |       0 |   0.0 |      25 |       0 |   0.0
            +---------+---------+-------+---------+---------+-------
        D:1 |      36 |       0 |   0.0 |      21 |       0 |   0.0
        D:2 |      13 |       0 |   0.0 |       4 |       0 |   0.0
            +---------+---------+-------+---------+---------+-------
